 Dungeon Crawl Stone Soup version 0.25-a0-100-g33052ceff8 (console) character file.

Game seed: 9901517008993907357, levelgen mode: deterministic

250 Kagalorn the Charmwright (level 6, -1/50 HPs)
             Began as a Gnoll Skald on Nov 14, 2019.
             Was an Initiate of Cheibriados.
             Slain by a mummy (9 damage)
             ... in an ossuary.
             The game lasted 00:08:26 (2975 turns).

Kagalorn the Charmwright (Gnoll Skald)              Turns: 2975, Time: 00:08:26

Health: -1/50      AC:  3    Str: 14    XL:     6   Next: 13%
Magic:  11/13      EV: 14    Int: 18    God:    Cheibriados [......]
Gold:   165        SH:  0    Dex: 16    Spells: 8/15 levels left

rFire    . . .     SeeInvis .   a - +0 spear
rCold    . . .     Gourm    .   (no shield)
rNeg     . . .     Faith    .   b - +0 leather armour
rPois    .         Spirit   .   (no helmet)
rElec    .         Reflect  .   (no cloak)
rCorr    .         Harm     .   (no gloves)
MR       .....                  (no boots)
Stlth    ++........             (no amulet)
HPRegen  0.16/turn              (no ring)
MPRegen  0.13/turn              (no ring)

@: very slow
A: distributed training, fangs 1, strong nose
a: Bend Time, Renounce Religion


You were in an ossuary.
You worshipped Cheibriados.
Cheibriados was noncommittal.
You were not hungry.

You visited 2 branches of the dungeon, and saw 5 of its levels.
You also visited: Ossuary.

You collected 165 gold pieces.

Inventory:

Hand Weapons
 a - a +0 spear (weapon)
 c - a cursed -2 hunting sling
 o - a +2 dagger of venom
 A - a +0 quarterstaff
 E - a +3 long sword
Missiles
 m - 56 stones (quivered)
 r - 22 bolts
 u - 3 atropa-tipped darts
 y - 27 arrows
 z - 18 sling bullets
Armour
 b - a +0 leather armour (worn)
 G - a scarf of spirit shield
Jewellery
 q - an uncursed ring of flight {unknown}
 t - an uncursed ring of protection from magic {unknown}
 v - an uncursed ring of stealth {unknown}
Scrolls
 e - 2 scrolls of immolation {unknown}
 f - a scroll of teleportation {unknown}
 g - a scroll of fog {unknown}
 k - 2 scrolls of amnesia {unknown}
 l - a scroll of blinking {unknown}
 s - a scroll of fear {unknown}
 D - a scroll of identify {unknown}
 F - a scroll of remove curse {unknown}
Potions
 h - 4 potions of curing {unknown}
 i - a potion of resistance {unknown}
 j - 2 potions of heal wounds {unknown}
 n - a potion of invisibility {unknown}
 p - 2 potions of flight {unknown}
 w - a potion of lignification {unknown}
 x - a potion of haste
 B - a potion of mutation {unknown}
 C - a potion of degeneration {unknown}
Comestibles
 d - 6 rations


   Skills:
 + Level 4.9 Fighting
 + Level 1.8 Short Blades
 + Level 1.8 Long Blades
 + Level 1.8 Axes
 + Level 1.8 Maces & Flails
 + Level 4.9 Polearms
 + Level 1.8 Staves
 + Level 1.8 Slings
 + Level 1.8 Bows
 + Level 1.8 Crossbows
 + Level 1.8 Throwing
 + Level 3.1 Armour
 + Level 4.9 Dodging
 + Level 1.8 Stealth
 + Level 1.8 Shields
 + Level 1.8 Unarmed Combat
 + Level 5.3 Spellcasting
 + Level 1.4 Conjurations
 + Level 1.4 Hexes
 + Level 5.6 Charms
 + Level 1.4 Summonings
 + Level 1.4 Necromancy
 + Level 1.4 Translocations
 + Level 1.4 Transmutations
 + Level 1.4 Fire Magic
 + Level 1.4 Ice Magic
 + Level 1.4 Air Magic
 + Level 1.4 Earth Magic
 + Level 1.4 Poison Magic
 + Level 2.0 Invocations
 + Level 1.8 Evocations


You had 8 spell levels left.
You knew the following spells:

 Your Spells              Type           Power        Failure   Level  Hunger
a - Infusion              Chrm           ####         1%          1    None
b - Regeneration          Chrm/Necr      ###.......   11%         3    ##.....
d - Spectral Weapon       Hex/Chrm       ###.....     11%         3    ##.....

Your spell library contained the following spells:

 Spells                   Type           Power        Failure   Level  Hunger
 Song of Slaying          Chrm           ####....     2%          2    #......
 Shroud of Golubria       Chrm/Tloc      ###...       5%          2    #......


Dungeon Overview and Level Annotations

Branches:
Dungeon (4/15)             Temple (1/1) D:4         Ossuary (1/1)

Altars:
Cheibriados
Elyvilon
Fedhas
Gozag
Hepliaklqana
Makhleb
Nemelex Xobeh
Okawaru
Qazlal
Ru
Sif Muna
Trog
Vehumet
Wu Jian
Yredelemnul
The Shining One


Innate Abilities, Weirdness & Mutations

Your experience applies equally to all skills.
You have very sharp teeth.
Your uncanny sense of smell can sniff out nearby items.


Message History

Your spectral weapon hits the mummy but does no damage.
The mummy hits you!
* * * LOW HITPOINT WARNING * * *
You hit the mummy.
The mummy is severely damaged.
Your spectral weapon hits the mummy from afar.
You barely miss the mummy.
The mummy is severely damaged.
Your spectral weapon hits the mummy but does no damage.
The mummy hits your spectral weapon.
Your spectral weapon shares its damage with you!
* * * LOW HITPOINT WARNING * * *
You barely miss the mummy.
The mummy is severely damaged.
Your spectral weapon hits the mummy.
You hit the mummy but do no damage. You bite the mummy, but do no damage.
The mummy is almost destroyed.
Your spectral weapon completely misses the mummy.
The mummy hits you!
You die...

########### #....#....#
#....#....' #....#....#
#....#....#
##+##'#########
#...#...#...#..
.#####+###'###'###'###'#
.......@................
.......(M...............
########################


You could see a mummy and a friendly spectral +0 spear.

Vanquished Creatures
  An orc priest (D:3)
  Jessica (D:3)
  An ogre zombie (Ossuary)
  A hound skeleton (D:4)
  A mummy (Ossuary)
  6 adders
  2 worms
  A dart slug (D:2)
  3 leopard geckos
  3 orcs (D:3)
  3 ball pythons
  8 bats
  5 giant cockroaches
  A gnoll zombie (Ossuary)
  5 goblins
  10 hobgoblins
  10 jackals
  2 kobolds
  2 quokkas
  4 frilled lizards
  4 goblin zombies (Ossuary)
  3 hobgoblin zombies (Ossuary)
  2 kobold zombies (Ossuary)
  A leopard gecko skeleton (D:4)
  A quokka zombie (Ossuary)
  5 rats
86 creatures vanquished.

Vanquished Creatures (others)
  A spectral weapon (Ossuary)
1 creature vanquished.

Grand Total: 87 creatures vanquished

Notes
Turn   | Place    | Note
-------+----------+-------------------------------------------
     0 | D:1      | Kagalorn the Gnoll Skald began the quest for the Orb.
     0 | D:1      | Reached XP level 1. HP: 20/20 MP: 6/6
    83 | D:1      | Reached XP level 2. HP: 24/26 MP: 7/7
   631 | D:1      | Reached skill level 5 in Spellcasting
   631 | D:1      | Reached XP level 3. HP: 16/31 MP: 7/9
   678 | D:2      | Found an ornate altar of the Wu Jian Council.
   719 | D:2      | Reached skill level 1 in Invocations
   841 | D:2      | Reached skill level 1 in Short Blades
   841 | D:2      | Reached skill level 1 in Long Blades
   841 | D:2      | Reached skill level 1 in Axes
   841 | D:2      | Reached skill level 1 in Maces & Flails
   841 | D:2      | Reached skill level 1 in Staves
   841 | D:2      | Reached skill level 1 in Slings
   841 | D:2      | Reached skill level 1 in Bows
   841 | D:2      | Reached skill level 1 in Crossbows
   841 | D:2      | Reached skill level 1 in Throwing
   841 | D:2      | Reached skill level 1 in Stealth
   841 | D:2      | Reached skill level 1 in Shields
   841 | D:2      | Reached skill level 1 in Unarmed Combat
   841 | D:2      | Reached skill level 1 in Evocations
  1121 | D:2      | Reached XP level 4. HP: 38/38 MP: 11/11
  1442 | D:3      | Found a burning altar of Makhleb.
  1502 | D:3      | Found a radiant altar of Vehumet.
  1532 | D:3      | Reached skill level 1 in Conjurations
  1532 | D:3      | Reached skill level 1 in Hexes
  1532 | D:3      | Reached skill level 1 in Summonings
  1532 | D:3      | Reached skill level 1 in Necromancy
  1532 | D:3      | Reached skill level 1 in Translocations
  1532 | D:3      | Reached skill level 1 in Transmutations
  1532 | D:3      | Reached skill level 1 in Fire Magic
  1532 | D:3      | Reached skill level 1 in Ice Magic
  1532 | D:3      | Reached skill level 1 in Air Magic
  1532 | D:3      | Reached skill level 1 in Earth Magic
  1532 | D:3      | Reached skill level 1 in Poison Magic
  1561 | D:3      | Learned a level 3 spell: Regeneration
  1565 | D:3      | Learned a level 3 spell: Spectral Weapon
  1722 | D:3      | HP: 1/38 [orc priest/+0 club (1)]
  1723 | D:3      | Reached XP level 5. HP: 1/43 MP: 12/12
  2046 | D:3      | Noticed Jessica
  2051 | D:3      | Killed Jessica
  2385 | D:4      | Found a staircase to the Ecumenical Temple.
  2391 | Temple   | Entered the Ecumenical Temple
  2594 | Temple   | Became a worshipper of Cheibriados the Contemplative
  2791 | D:4      | Found a sand-covered staircase.
  2807 | Ossuary  | Entered an ossuary
  2815 | Ossuary  | Reached XP level 6. HP: 42/50 MP: 9/13
  2975 | Ossuary  | Slain by a mummy

Levels and vault maps discovered:
D:1:      nicolae_arrival_washed_ashore, layout_basic
D:2:      layout_rooms, lemuel_doored_altar, first_ration
D:3:      layout_loops_ring, vehumet_crystals, lemuel_round_altar, uniq_jessica
D:4:      layout_cave_pools, marbit_many_paths, minmay_temple_entry_hall,
          serial_shops, kennysheep_mini, nicolae_ossuary_entry_false_entrances
Temple:   nicolae_temple_figure_eight
Ossuary:  ossuary_boxes_badplayer

Skill      XL: |  1  2  3  4  5  6 |
---------------+-------------------+-----
Spellcasting   | 5 |  5.3
Invocations    | 1 2 |  2.0
Short Blades   | 1 |  1.8
Long Blades    | 1 |  1.8
Axes           | 1 |  1.8
Maces & Flails | 1 |  1.8
Staves         | 1 |  1.8
Slings         | 1 |  1.8
Bows           | 1 |  1.8
Crossbows      | 1 |  1.8
Throwing       | 1 |  1.8
Stealth        | 1 |  1.8
Shields        | 1 |  1.8
Unarmed Combat | 1 |  1.8
Evocations     | 1 |  1.8
Conjurations   | 1 |  1.4
Hexes          | 1 |  1.4
Summonings     | 1 |  1.4
Necromancy     | 1 |  1.4
Translocations | 1 |  1.4
Transmutations | 1 |  1.4
Fire Magic     | 1 |  1.4
Ice Magic      | 1 |  1.4
Air Magic      | 1 |  1.4
Earth Magic    | 1 |  1.4
Poison Magic   | 1 |  1.4
Armour         | 3 |  3.1
Fighting       | |  4.9
Polearms       | |  4.9
Dodging        | |  4.9
Charms         | |  5.6

Action                   |  1- 3 |  4- 6 || total
-------------------------+-------+-------++-------
Melee: Spear             |   147 |   251 ||   398
       Bite              |     5 |    26 ||    31
       Punch             |       |     2 ||     2
 Cast: Spectral Weapon   |       |     7 ||     7
 Stab: Sleeping          |     2 |     5 ||     7
       Distracted        |       |     1 ||     1
  Eat: Chunk             |     1 |     2 ||     3
       Ration            |       |     2 ||     2
Armor: Leather armour    |    24 |    36 ||    60
Dodge: Dodged            |    86 |   140 ||   226

Table legend:
 A = Non-vault XP
 B = Vault XP
 C = Vault XP percentage of total XP
 D = Non-vault monster count
 E = Vault monster count
 F = Vault count percentage of total count
                 A         B        C        D         E       F
            +---------+---------+-------+---------+---------+-------
      Total |     264 |      94 |  26.3 |      72 |      14 |  16.3
            +---------+---------+-------+---------+---------+-------
        D:1 |      41 |       0 |   0.0 |      17 |       0 |   0.0
        D:2 |      68 |       0 |   0.0 |      22 |       0 |   0.0
        D:3 |     129 |      37 |  22.3 |      29 |       1 |   3.3
        D:4 |      26 |       0 |   0.0 |       4 |       0 |   0.0
    Ossuary |       0 |      57 | 100.0 |       0 |      13 | 100.0
            +---------+---------+-------+---------+---------+-------
